 Dungeon Crawl Stone Soup version 0.23.2-33-g5129a83184 (webtiles) character file.

Game seed: 17979613233455652996

1843 H0rd4k the Thaumaturge (level 8, -4/43 HPs)
             Began as a Deep Elf Wizard on June 28, 2019.
             Was a Believer of Sif Muna.
             Shot with an arrow by a centaur (9 damage)
             ... on level 7 of the Dungeon.
             The game lasted 00:24:51 (8473 turns).

H0rd4k the Thaumaturge (Deep Elf Wizard)            Turns: 8473, Time: 00:24:51

Health: -4/43      AC:  2    Str:  4    XL:     8   Next: 87%
Magic:  17/24      EV: 14    Int: 26    God:    Sif Muna [**....]
Gold:   250        SH:  0    Dex: 13    Spells: 22/28 levels left

rFire    . . .     SeeInvis .   i - +0 short sword (venom)
rCold    . . .     Gourm    .   (no shield)
rNeg     . . .     Faith    .   m - +0 robe
rPois    +         Spirit   .   b - +0 hat
rElec    .         Reflect  .   (no cloak)
rCorr    .         Harm     .   (no gloves)
MR       .....                  (no boots)
Stlth    +++.......             (no amulet)
HPRegen  0.14/turn              j - ring of poison resistance
MPRegen  0.19/turn              (no ring)

@: no status effects
A: no striking features
a: Divine Energy, Renounce Religion


You were on level 7 of the Dungeon.
You worshipped Sif Muna.
Sif Muna was pleased with you.
You were not hungry.

You visited 1 branch of the dungeon, and saw 7 of its levels.
You also visited: Ossuary.

You collected 340 gold pieces.
You spent 90 gold pieces at shops.

Inventory:

Hand Weapons
 i - a +0 short sword of venom (weapon)
 t - a +1 dagger of draining
Armour
 b - a +0 hat (worn)
 m - a +0 robe (worn)
Jewellery
 j - a ring of poison resistance (left hand)
Wands
 e - a wand of polymorph (12)
Scrolls
 h - 6 scrolls of identify
 p - a scroll of fog {unknown}
 q - a scroll of immolation {unknown}
 r - 2 scrolls of teleportation
 s - 2 scrolls of holy word
 u - a scroll of enchant weapon {unknown}
 x - 2 scrolls of enchant armour {unknown}
 y - a scroll of amnesia {unknown}
 B - 2 scrolls of fear {unknown}
Potions
 a - 2 potions of brilliance
 c - a potion of resistance {unknown}
 f - 4 potions of curing {unknown}
 g - 3 potions of agility {unknown}
 k - a potion of degeneration {unknown}
 l - 2 potions of berserk rage {unknown}
 n - a potion of heal wounds {unknown}
 o - 5 potions of haste {unknown}
 v - a potion of might {unknown}
 w - a potion of lignification {unknown}
 z - a potion of ambrosia {unknown}
 A - a potion of mutation {unknown}
 C - a potion of flight {unknown}
Comestibles
 d - 11 rations


   Skills:
 + Level 1.2 Fighting
 + Level 4.2 Dodging
 + Level 4.0 Stealth
 + Level 10.7 Spellcasting
 + Level 6.9 Conjurations
   Level 1.1 Summonings
 + Level 3.5 Translocations
 - Level 2.1 Fire Magic


You had 22 spell levels left.
You knew the following spells:

 Your Spells              Type           Power        Failure   Level  Hunger
a - Magic Dart            Conj           ####         1%          1    None
b - Blink                 Tloc           N/A          1%          2    None
c - Conjure Flame         Conj/Fire      #####...     1%          3    None

Your spell library contained the following spells:

 Spells                   Type           Power        Failure   Level  Hunger
 Call Imp                 Summ           ###.....     4%          2    None
 Mephitic Cloud           Conj/Pois/Air  ####....     4%          3    None
 Slow                     Hex            ##......     6%          2    None


Dungeon Overview and Level Annotations

Branches:
Dungeon (7/15)
 Temple: D:4-7

Altars:
Ashenzari
Dithmenos
Elyvilon
Kikubaaqudgha
Makhleb
Nemelex Xobeh
Okawaru
Sif Muna
Wu Jian
Yredelemnul

Shops:
D:4 [=[=*

Annotations:
D:2 exclusion: 2 downstairs
D:3 Grinder
D:5 1 exclusion
D:6 2 runed translucent doors


Message History

The centaur shoots an arrow.
The arrow barely misses you.
Casting: Magic Dart (safe; 1% risk of failure)
Confirm with . or Enter, or press ? or * to list all spells.
Aiming: Magic Dart (safe; 1% risk of failure)
Press: ? - help, Shift-Dir - straight line, f/p - centaur
Aim: a centaur, wielding a +0 shortbow (severely wounded)
The magic dart hits the centaur but does no damage.
The centaur is severely wounded.
The centaur shoots an arrow.
The arrow hits you.
Casting: Magic Dart (safe; 1% risk of failure)
Confirm with . or Enter, or press ? or * to list all spells.
Aiming: Magic Dart (safe; 1% risk of failure)
Press: ? - help, Shift-Dir - straight line, f/p - centaur
Aim: a centaur, wielding a +0 shortbow (severely wounded)
The magic dart hits the centaur but does no damage.
The centaur is severely wounded.
The centaur shoots an arrow.
The arrow hits you!
* * * LOW HITPOINT WARNING * * *
The centaur shoots an arrow.
The arrow hits you!
You die...

######################
#.....................
#....#################
#....# ####.#
###.######.# ##
#(..@..c.... ...
#.#.#####... ### #.#.#
# ... (#?# #.#.# # #.#
#.


You could see a centaur.

Vanquished Creatures
  A water moccasin (D:5)
  2 ice beasts
  An ogre (D:5)
  A centaur (D:6)
  A bullfrog (D:5)
  5 water moccasin zombies (Ossuary)
  3 scorpions
  A killer bee (D:7)
  A crimson imp (D:5)
  2 jellies (D:6)
  A bullfrog zombie (D:6)
  An orc priest (D:4)
  3 bullfrog skeletons
  3 hounds
  An iguana (D:7)
  7 orc wizards
  3 worker ants
  2 mummies (Ossuary)
  A howler monkey skeleton (D:4)
  5 adders
  An ooze (D:2)
  7 adder zombies (Ossuary)
  A worm (D:2)
  4 dart slugs
  3 leopard geckos
  17 orcs
  7 giant cockroaches
  3 gnoll zombies (Ossuary)
  4 goblins
  6 hobgoblins
  5 jackals
  A quokka (D:5)
  A ball python (D:3)
  3 bats
  8 frilled lizards
  6 hobgoblin zombies (Ossuary)
  A jackal zombie (D:7)
  7 kobolds
  4 kobold zombies (Ossuary)
  2 quokka skeletons
  3 rats
  2 rat zombies (D:5)
141 creatures vanquished.

Vanquished Creatures (others)
  A giant cockroach (D:4)
1 creature vanquished.

Grand Total: 142 creatures vanquished

Notes
Turn   | Place    | Note
-------+----------+-------------------------------------------
     0 | D:1      | H0rd4k the Deep Elf Wizard began the quest for the Orb.
     0 | D:1      | Reached XP level 1. HP: 10/10 MP: 7/7
   319 | D:1      | Reached XP level 2. HP: 15/15 MP: 4/9
   324 | D:1      | Learned a level 2 spell: Blink
   401 | D:1      | Reached skill level 5 in Spellcasting
   810 | D:2      | Reached XP level 3. HP: 19/19 MP: 7/11
   815 | D:2      | Learned a level 3 spell: Conjure Flame
  1054 | D:2      | Found a shattered altar of Ashenzari.
  1808 | D:3      | Reached XP level 4. HP: 24/24 MP: 2/13
  1927 | D:3      | Reached skill level 1 in Fire Magic
  1949 | D:3      | Reached skill level 6 in Spellcasting
  2342 | D:3      | Noticed Grinder
  2845 | D:3      | Found a sparkling altar of Nemelex Xobeh.
  3315 | D:4      | Found Ossaon's Jewellery Shoppe.
  3352 | D:4      | Reached XP level 5. HP: 19/28 MP: 4/15
  3547 | D:4      | Found a burning altar of Makhleb.
  3554 | D:4      | Found an iron altar of Okawaru.
  3561 | D:4      | Found a white marble altar of Elyvilon.
  3568 | D:4      | Found a basalt altar of Yredelemnul.
  3575 | D:4      | Found an ancient bone altar of Kikubaaqudgha.
  3582 | D:4      | Found a shadowy altar of Dithmenos.
  3587 | D:4      | Found a deep blue altar of Sif Muna.
  3591 | D:4      | Became a worshipper of Sif Muna the Loreminder
  3641 | D:4      | Found Oduogg's Armour Boutique.
  3758 | D:4      | Found Diefiom's Armour Emporium.
  3802 | D:4      | Found a white marble altar of Elyvilon.
  3846 | D:4      | Found Durub's General Store.
  3850 | D:4      | Bought a scroll of holy word for 90 gold pieces
  3861 | D:4      | Found Fawetimuex's Jewellery Boutique.
  4046 | D:5      | Entered Level 5 of the Dungeon
  4115 | D:4      | Reached skill level 7 in Spellcasting
  4377 | D:5      | Found a sand-covered staircase.
  4377 | D:5      | Noticed an ice beast
  4392 | D:5      | Killed an ice beast
  4392 | D:5      | Reached XP level 6. HP: 33/33 MP: 2/18
  4415 | Ossuary  | Entered an ossuary
  4528 | Ossuary  | Reached * piety under Sif Muna
  4986 | Ossuary  | Reached XP level 7. HP: 31/37 MP: 14/20
  4988 | Ossuary  | Reached skill level 8 in Spellcasting
  5693 | D:5      | Noticed a hornet
  6080 | D:5      | Reached skill level 1 in Fighting
  6251 | D:5      | Reached skill level 9 in Spellcasting
  6251 | D:5      | Reached skill level 5 in Conjurations
  6425 | D:5      | Reached XP level 8. HP: 43/43 MP: 16/23
  6625 | D:5      | Reached ** piety under Sif Muna
  7667 | D:6      | Reached skill level 10 in Spellcasting
  7821 | D:6      | Found a runed translucent gate.
  7821 | D:6      | Found a runed translucent gate.
  7885 | D:6      | Found a basalt altar of Yredelemnul.
  8380 | D:7      | Found an ornate altar of the Wu Jian Council.
  8473 | D:7      | Shot with an arrow by a centaur

Skill      XL: |  1  2  3  4  5  6  7  8 |
---------------+-------------------------+-----
Spellcasting   | 5 6 7 9 10 | 10.7
Fire Magic     | 1 2 |  2.1
Conjurations   | 2 3 4 5 6 |  6.9
Dodging        | 3 4 |  4.2
Stealth        | 3 4 |  4.0
Translocations | 2 3 |  3.5
Fighting       | 1 |  1.2
Summonings     | |  1.1

Action                   |  1- 3 |  4- 6 |  7- 9 || total
-------------------------+-------+-------+-------++-------
Melee: Unarmed           |       |     1 |       ||     1
 Cast: Magic Dart        |    99 |   126 |   252 ||   477
       Conjure Flame     |     1 |     7 |    15 ||    23
       Blink             |       |     5 |     8 ||    13
Evoke: Wand              |       |       |     1 ||     1
  Use: Scroll            |       |       |     5 ||     5
  Eat: Chunk             |     1 |     3 |     5 ||     9
       Ration            |       |     3 |     1 ||     4
Armor: Robe              |     7 |     2 |     5 ||    14
Dodge: Dodged            |    25 |    27 |    75 ||   127
